 Seeded DCSS version 0.30.1-11-g7821555f0a (webtiles) character file.

Game seed: 9938364161540474565 (custom seed)

31 Psyclone the Conjurer (level 3, 19/19 HPs)
             Began as a Deep Elf Conjurer on Nov 10, 2023.
             Quit the game on level 1 of the Dungeon.
             The game lasted 00:02:44 (1466 turns).

Psyclone the Conjurer (Deep Elf Conjurer)           Turns: 1466, Time: 00:02:45

Health: 19/19      AC:  2    Str: 10    XL:     3   Next: 7%
Magic:  9/10       EV: 12    Int: 24    God:
Gold:   33         SH:  0    Dex: 13    Spells: 9/10 levels left

rFire   . . .        (no weapon)
rCold   . . .        (no shield)
rNeg    . . .        a - +0 robe
rPois   .            (no helmet)
rElec   .            (no cloak)
rCorr   .            (no gloves)
SInv    .            (no boots)
Will    .....        f - amulet of regeneration
Stlth   ++           d - +6 ring of strength
HPRegen 1.03/turn    (no ring)
MPRegen 0.12/turn

%: no passive effects
@: no status effects
A: no striking features
a: no special abilities


You were on level 1 of the Dungeon.
You visited 1 branch of the dungeon, and saw 2 of its levels.

You collected 33 gold pieces.

Inventory:

Armour
 a - a +0 robe (worn)
Jewellery
 d - a +6 ring of strength (left hand)
 f - an amulet of regeneration (around neck)
Scrolls
 g - a scroll of fear
Potions
 b - a potion of magic


   Skills:
 - Level 2.4 Dodging
 - Level 2.4 Stealth
 + Level 4.1 Spellcasting
 + Level 5.0 Conjurations


You had 9 spell levels left.
You knew the following spells:

 Your Spells              Type           Power      Damage    Failure   Level
a - Magic Dart            Conj           100%       1d8       1%          1

Your spell library contained the following spells:

 Spells                   Type           Power      Damage    Failure   Level
 Searing Ray              Conj           58%        2d6       1%          2
 Dazzling Flash           Conj/Hex       32%        N/A       11%         3
 Fulminant Prism          Conj/Hex       8%         3d7       34%         4
 Iskenderun's Mystic Bla  Conj/Tloc      16%        2d5       34%         4
 Cause Fear               Hex            2%         N/A       67%         4
 Dragon Form              Tmut           2%         N/A       100%        7
 Dragon's Call            Summ           2%         N/A       100%        9


Dungeon Overview and Level Annotations

Branches:
Dungeon (2/15) Zot: 10525

Altars:


Message History

Confirm with . or Enter, or press ? or * to list all spells.
Aiming: Magic Dart (safe; 1% risk of failure)
Press: ? - help, Shift-Dir - straight line, f/p - goblin
Aim: a goblin, wielding a +0 club (severely wounded, 100% to hit)
The magic dart hits the goblin!
You kill the goblin!
You now have 8/10 mp.
Casting: Magic Dart (safe; 1% risk of failure)
Confirm with . or Enter, or press ? or * to list all spells.
You can't see any susceptible monsters within range! (Use Z to cast anyway.) Unknown command.
Casting: Magic Dart (safe; 1% risk of failure)
Confirm with . or Enter, or press ? or * to list all spells.
You can't see any susceptible monsters within range! (Use Z to cast anyway.) Unknown command.
Casting: Magic Dart (safe; 1% risk of failure)
Confirm with . or Enter, or press ? or * to list all spells.
You can't see any susceptible monsters within range! (Use Z to cast anyway.) Unknown command.
Casting: Magic Dart (safe; 1% risk of failure)
Confirm with . or Enter, or press ? or * to list all spells.
You can't see any susceptible monsters within range! (Use Z to cast anyway.) Unknown command.
Casting: Magic Dart (safe; 1% risk of failure)
Confirm with . or Enter, or press ? or * to list all spells.
You can't see any susceptible monsters within range! (Use Z to cast anyway.) Unknown command.
There is a faded altar of an unknown god here.
You now have 33 gold pieces (gained 17).
There is a faded altar of an unknown god here.
There is a faded altar of an unknown god here.
This altar belongs to (a) Cheibriados, (b) Lugonu or (c) Kikubaaqudgha, but you can't tell which.
Press the corresponding letter to learn more about a god, or press enter to convert or escape to cancel.
Okay, then.
Unknown command.
Press < or > to pray at altars.
There is a stone staircase leading up here.
You can't go down here!
You climb upwards.
There is a stone staircase leading down here.
Are you sure you want to abandon this character and quit the game? (Confirm with "yes".)

## #########.###..†.#÷## #.# .#
#.........#÷#†...##.# #.#
.###.........#.##.####.# #.#
...#............#####..#####.####
..)#.........##....#..##.........
...#.........###.....#######.####
...#.........# ####.## #.# #
...#)........###############.# #
)...............@............# #
####.........###.################
.#.........#....................#
.#.#######.#####.#..#####.#####.#
...# ##................####..#
#..######...####.#...~~####≈#####
#....................~P#≈#≈≈##.).
....#.......####.....~≈≈≈≈≈# ####
....#...............~≈≈≈≈≈##


There were no monsters in sight!

Vanquished Creatures
  A dart slug (D:1)
  A ball python (D:1)
  3 bats (D:1)
  2 endoplasms (D:1)
  A giant cockroach (D:1)
  2 goblins
  4 jackals (D:1)
  2 kobolds (D:1)
  2 quokkas (D:1)
  4 frilled lizards (D:1)
  5 rats (D:1)
27 creatures vanquished.

Notes
Turn   | Place    | Note
-------+----------+-------------------------------------------
     0 | D:1      | Psyclone the Deep Elf Conjurer began the quest for the Orb.
     0 | D:1      | Reached XP level 1. HP: 10/10 MP: 6/6
   228 | D:1      | Reached XP level 2. HP: 15/15 MP: 3/8
  1167 | D:1      | Reached XP level 3. HP: 19/19 MP: 8/10
  1193 | D:1      | Reached skill level 5 in Conjurations
  1452 | D:2      | Found a faded altar of an unknown god.
  1466 | D:1      | Quit the game

Illustrated notes

Levels and vault maps discovered:
D:1:      eino_arrival_water_cross, layout_basic, chequers_big_river,
          wander_ebering_terrifying_dragon_lair
D:2:      layout_basic, nicolae_ecumenical_pavilion,
          minmay_misc_feat_more_columns, nrook_mini_vaults,
          uniq_crazy_yiuf_cottage

Skill      XL: |  1  2  3 |
---------------+----------+-----
Spellcasting   | 4 |  4.1
Conjurations   | 5 |  5.0
Dodging        | |  2.4
Stealth        | |  2.4

Action                     || total
---------------------------++-------
   Cast: Magic Dart        ||    47
    Use: Scroll            ||     2
 Armour: Robe              ||     1
